 Dungeon Crawl Stone Soup version 0.31.0-12-g77e489cdc1 (webtiles) character file.

Game seed: 11893791972807162471

1050 lordive the Thaumaturge (level 8, -1/43 HPs)
             Began as a Deep Elf Conjurer on Mar 2, 2024.
             Was an Initiate of Vehumet.
             Succumbed to a water moccasin's poison
             ... on level 6 of the Dungeon.
             The game lasted 00:07:48 (5715 turns).

lordive the Thaumaturge (Deep Elf Conjurer)         Turns: 5715, Time: 00:07:50

Health: -1/43      AC:  2    Str:  4    XL:     8   Next: 5%
Magic:  12/31      EV: 13    Int: 32    God:    Vehumet [......]
Gold:   196        SH:  5    Dex: 13    Spells: 21/24 levels left

rFire   . . .        (no weapon)
rCold   . . .        (no shield)
rNeg    . . .        a - +0 robe
rPois   .            (no helmet)
rElec   .            (no cloak)
rCorr   .            (no gloves)
SInv    .            (no boots)
Will    .....        p - amulet of reflection
Stlth   ++           l - ring of magical power
HPRegen 0.27/turn    q - +6 ring of intelligence
MPRegen 0.22/turn

%: reflection
@: lethally poisoned (-1 -> -8), marked, studying Shapeshifting
A: no striking features
a: Renounce Religion


You were on level 6 of the Dungeon.
You worshipped Vehumet.
Vehumet was noncommittal.
You visited 2 branches of the dungeon, and saw 7 of its levels.

You collected 196 gold pieces.

Inventory:

Missiles
 s - a throwing net
Armour
 a - a +0 robe (worn)
Jewellery
 l - a ring of magical power (left hand)
 p - an amulet of reflection (around neck)
 q - a +6 ring of intelligence (right hand)
Scrolls
 c - a scroll of poison {unknown}
 e - a scroll of amnesia {unknown}
 h - 2 scrolls of identify {unknown}
 k - 3 scrolls of teleportation {unknown}
 m - 3 scrolls of vulnerability {unknown}
 o - a scroll of enchant armour {unknown}
 r - a scroll of silence {unknown}
Potions
 b - 2 potions of magic
 d - a potion of enlightenment {unknown}
 f - 3 potions of curing {unknown}
 g - 2 potions of mutation {unknown}
 i - 2 potions of attraction {unknown}
 j - 2 potions of degeneration {unknown}
 n - a potion of might {unknown}
 t - a potion of heal wounds {unknown}
 u - a potion of cancellation {unknown}
 v - a potion of lignification {unknown}


   Skills:
 * Level 1.1 Fighting
 * Level 3.5 Dodging
 - Level 2.4 Stealth
 + Level 8.5 Spellcasting
 + Level 8.3 Conjurations
 * Level 1.5 Shapeshifting


You had 21 spell levels left.
You knew the following spells:

 Your Spells              Type           Power      Damage    Failure   Level
a - Magic Dart            Conj           100%       1d8       1%          1
b - Searing Ray           Conj           100%       2d8       1%          2

Your spell library contained the following spells:

 Spells                   Type           Power      Damage    Failure   Level
 Apportation              Tloc           26%        N/A       3%          1
 Cigotuvi's Dreadful Rot  Necr/Alch/Air  26%        N/A       5%          2
 Jinxbite                 Hex            26%        N/A       5%          2
 Fulminant Prism          Conj/Alch      20%        3d12      6%          4
 Iskenderun's Mystic Bla  Conj/Tloc      40%        2d9       6%          4
 Freezing Cloud           Conj/Ice/Air   15%        6-21      32%         5
 Ignite Poison            Fire/Alch      13%        N/A       34%         4
 Alistair's Intoxication  Alch           8%         N/A       69%         5


Dungeon Overview and Level Annotations

Branches:
Dungeon (6/15)             Temple (1/1) D:4

Altars:
Elyvilon
Fedhas
Gozag
Kikubaaqudgha
Makhleb
Qazlal
Vehumet
Xom
Zin

Shops:
D:3 ?   D:4 [


Message History

The water moccasin bites you.
The searing ray hits the water moccasin!
The water moccasin is severely wounded.
The searing ray hits the wyvern.
The wyvern is moderately wounded.
The searing ray hits something.
You feel very sick.
The water moccasin bites you but does no damage.
The searing ray hits the water moccasin!
You kill the water moccasin!
Vehumet accepts your kill.
The searing ray hits the wyvern!
The wyvern is heavily wounded.
The searing ray hits something!
You finish channelling your searing ray.
You feel very sick. You block the wyvern's attack.
You have reached level 8!
You feel clever.
Unknown command.
You feel very sick. The wyvern barely misses you.
Casting: Searing Ray (safe; 1% risk of failure)
Confirm with . or Enter, or press ? or * to list all spells.
Aiming: Searing Ray (safe; 1% risk of failure)
Press: ? - help, Shift-Dir - straight line, f - wyvern
Aim: a wyvern (heavily wounded, 83% to hit)
The searing ray hits the wyvern.
The wyvern is severely wounded.
The searing ray hits something. (Press . to maintain the ray.)
You feel sick. The wyvern closely misses you. The wyvern bites you!
* * * LOW HITPOINT WARNING * * *
The searing ray hits the wyvern.
The wyvern is almost dead.
The searing ray hits something!
Vehumet accepts your kill.
Reactivating autopickup.
You feel a bit more experienced.
You die...

.......#.....#......... .
......#.....#......|.. ..
.....#............... ....
....######.#####.... ..
#...##...# #.....###+#
..####...##...# #.###.#...#
..............# ##...#.#...#
..............#####....#.#...#
...........@k)...._........'
#.....##...##.#....####...#
#.....##...##.#...## #...#
#..........##.###.# #....
#..........##.....# #....
+.....###########.#####+###
#.....# +.##....... #######
..+....... #.......


You could see a wyvern.

Vanquished Creatures
  A water moccasin (D:6)
  A black bear (D:4)
  3 phantoms
  3 scorpions
  A bombardier beetle (D:5)
  A crimson imp (D:6)
  2 jellies
  2 hounds
  An orc priest (D:6)
  A gnoll bouda (D:5)
  A sleepcap (D:5)
  An orc wizard (D:6)
  5 gnolls (D:5)
  5 adders
  2 ufetubi (D:5)
  2 dart slugs
  3 orcs
  8 endoplasms
  4 giant cockroaches
  11 goblins
  7 hobgoblins
  3 quokkas
  4 ball pythons
  2 bats
  3 frilled lizards
  7 kobolds
  6 rats
90 creatures vanquished.

Notes
Turn   | Place    | Note
-------+----------+-------------------------------------------
     0 | D:1      | lordive the Deep Elf Conjurer began the quest for the Orb.
     0 | D:1      | Reached XP level 1. HP: 10/10 MP: 6/6
   308 | D:1      | Reached XP level 2. HP: 15/15 MP: 5/8
   439 | D:1      | You fall into a shaft and drop 1 floor!
   443 | D:2      | Reached skill level 5 in Conjurations
   529 | D:2      | Learned a level 2 spell: Searing Ray
   716 | D:2      | Reached XP level 3. HP: 19/19 MP: 8/10
  1602 | D:3      | Found The Oracle's Delphic Readings.
  1974 | D:1      | Reached XP level 4. HP: 24/24 MP: 12/12
  2886 | D:3      | Found a stormy altar of Qazlal.
  3064 | D:3      | Found a blossoming altar of Fedhas.
  3071 | D:3      | Found a shimmering altar of Xom.
  3071 | D:3      | Found a shimmering altar of Xom.
  3071 | D:3      | Found a shimmering altar of Xom.
  3072 | D:3      | Found a shimmering altar of Xom.
  3074 | D:3      | Found a shimmering altar of Xom.
  3350 | D:4      | Noticed a scorpion
  3354 | D:4      | Killed a scorpion
  3355 | D:4      | Reached XP level 5. HP: 28/28 MP: 14/14
  3410 | D:4      | Noticed a black bear
  3412 | D:4      | Noticed a phantom
  3416 | D:4      | Killed a black bear
  3417 | D:4      | Reached skill level 5 in Spellcasting
  3422 | D:4      | Killed a phantom
  3423 | D:4      | Reached XP level 6. HP: 26/32 MP: 10/16
  3645 | D:4      | Found a staircase to the Ecumenical Temple.
  3740 | Temple   | Entered the Ecumenical Temple
  4266 | D:4      | Found Erausuni's Antique Armour Shop.
  4327 | D:5      | Entered Level 5 of the Dungeon
  4339 | D:5      | Found an ancient bone altar of Kikubaaqudgha.
  4526 | D:5      | Reached XP level 7. HP: 34/36 MP: 19/19
  4606 | D:5      | Found a radiant altar of Vehumet.
  4626 | D:5      | Became a worshipper of Vehumet
  4904 | D:5      | Found an opulent altar of Gozag.
  5354 | D:5      | Found a white marble altar of Elyvilon.
  5596 | D:6      | Found a burning altar of Makhleb.
  5670 | D:6      | Found a glowing silver altar of Zin.
  5706 | D:6      | Reached skill level 1 in Fighting
  5706 | D:6      | Reached skill level 1 in Shapeshifting
  5706 | D:6      | Noticed a wyvern
  5713 | D:6      | Reached XP level 8. HP: 22/43 MP: 14/22
  5714 | D:6      | HP: 1/43 [wyvern (16)]
  5715 | D:6      | Succumbed to a water moccasin's poison

Illustrated notes

Levels and vault maps discovered:
D:1:      noname_arrival_rooms_in_the_neighbourhood, layout_basic
D:2:      layout_basic
D:3:      layout_loops_corners, xom_redecorated, old_standard_altar,
          general_overflow_altar, nicolae_nh_oracle_at_delphi
D:4:      layout_basic, minmay_temple_entry_glassed_door, serial_shops, shop,
          grunt_decor_junction, reono_crystal_passage, solitary_fountain,
          minmay_manual_monstrance
D:5:      layout_basic, kiku_gazebo_pond_becter, grunt_gozag_breadcrumbs,
          mainiacjoe_overflow_cross_hatched, nicolae_elyvilon_temple_path,
          amethyst_killhole
D:6:      layout_gridville, makhleb_grotto_becter,
          nicolae_overflow_crystal_walls
Temple:   ebering_the_none_and_only

Skill      XL: |  1  2  3  4  5  6  7 |
---------------+----------------------+-----
Conjurations   | 5 6 7 8 |  8.3
Spellcasting   | 4 5 6 8 |  8.5
Dodging        | 3 |  3.5
Fighting       | 1 |  1.1
Shapeshifting  | 1 |  1.5
Stealth        | |  2.4

Action                     |  1- 3 |  4- 6 |  7- 9 || total
---------------------------+-------+-------+-------++-------
  Melee: Unarmed           |     1 |       |       ||     1
   Cast: Magic Dart        |    69 |    37 |    12 ||   118
         Searing Ray       |     2 |    17 |    17 ||    36
 Armour: Robe              |     4 |     9 |    16 ||    29
  Dodge: Dodged            |     4 |     8 |     7 ||    19
  Block: Other             |       |       |     1 ||     1
